 Dungeon Crawl Stone Soup version 0.26-a0-478-g6c97825 (webtiles) character file.

Game seed: 6035120554941507532

70 Illumine the Covered (level 4, -4/42 HPs)
             Began as a Deep Dwarf Fighter on July 31, 2020.
             Killed by divine providence
             ... invoked by an orc priest
              (14 damage)
             ... on level 2 of the Dungeon.
             The game lasted 00:01:13 (1340 turns).

Illumine the Covered (Deep Dwarf Fighter)           Turns: 1340, Time: 00:01:14

Health: -4/42      AC:  9    Str: 20    XL:     4   Next: 4%
Magic:  4/4        EV:  7    Int:  9    God:
Gold:   36         SH:  9    Dex: 12    Spells: 3/3 levels left

rFire    . . .     SeeInvis .   a - +0 war axe
rCold    . . .     Faith    .   c - +0 kite shield
rNeg     . . .     Spirit   .   e - +0 scale mail (curse)
rPois    .         Reflect  .   b - +0 helmet (curse)
rElec    .         Harm     .   (no cloak)
rCorr    .                      o - +0 pair of gloves
MR       .....                  (no boots)
Stlth    ..........             (no amulet)
HPRegen  0.00/turn              (no ring)
MPRegen  0.09/turn              (no ring)

@: non-regenerating
A: damage resistance, heal wounds, sense surroundings 1, no regeneration
a: Heal Wounds


You were on level 2 of the Dungeon.
You visited 1 branch of the dungeon, and saw 2 of its levels.

You collected 36 gold pieces.

Inventory:

Hand Weapons
 a - a +0 war axe (weapon)
Armour
 b - a cursed +0 helmet (worn)
 c - a +0 kite shield (worn)
 e - a cursed +0 scale mail (worn)
 o - a +0 pair of gloves (worn)
Scrolls
 f - a scroll of random uselessness {unknown}
 g - 2 scrolls of identify {unknown}
 h - a scroll of enchant weapon {unknown}
 i - a scroll of amnesia {unknown}
 l - a scroll of teleportation {unknown}
 m - a scroll of fear {unknown}
 n - a scroll of blinking {unknown}
Potions
 d - a potion of might
 j - a potion of heal wounds {unknown}
 k - a potion of flight {unknown}


   Skills:
 + Level 3.1 Fighting
 * Level 3.4 Axes
 + Level 3.8 Armour
 + Level 3.8 Shields


You had 3 spell levels left.
You didn't know any spells.
Your spell library was empty.

Dungeon Overview and Level Annotations

Branches:
Dungeon (2/15)

Altars:
Dithmenos
Xom


Innate Abilities, Weirdness & Mutations

You are resistant to damage.
You can heal yourself by infusing magical energy.
You passively map a small area around you.
You do not regenerate.


Message History

You barely miss the orc priest.
The orc priest is heavily wounded.
Your shield and scale mail prevent you from hitting the kobold.
The kobold hits you but does no damage.
The orc priest hits you with a +0 morningstar!
* * * LOW HITPOINT WARNING * * *
You are too injured to fight recklessly!
Unknown command.
You closely miss the orc priest.
The orc priest is heavily wounded.
You closely miss the kobold. You block the kobold's attack.
The orc priest closely misses you. The kobold hits you but does no damage.
Unknown command.
You hit the orc priest.
The orc priest is almost dead.
You hit the kobold.
You kill the kobold!
The orc priest invokes the aid of Beogh against you.
Beogh smites you!
You die...

, * , , , , * , *_
, , , ** , * * *
###** # * #..,* ..
# #.### #...* *
#.#... ..... ,
#.#.s##...... , * *
#....@oo....# *
###<.##o....# *
###, #..# ....#
##...## #..# #.##
#.....######..# * #
#.............###
#...>.##...........
#.......##.#######
#####.####.##.#


You could see an orc priest, 2 orcs and a giant cockroach.

Vanquished Creatures
  An adder (D:2)
  An ooze (D:2)
  2 dart slugs
  A leopard gecko (D:2)
  An orc (D:2)
  4 bats
  4 giant cockroaches
  7 goblins
  3 hobgoblins (D:1)
  8 jackals (D:1)
  A quokka (D:2)
  A ball python (D:1)
  3 frilled lizards
  5 kobolds
  4 rats (D:1)
46 creatures vanquished.

Notes
Turn   | Place    | Note
-------+----------+-------------------------------------------
     0 | D:1      | Illumine the Deep Dwarf Fighter began the quest for the
                  | Orb.
     0 | D:1      | Reached XP level 1. HP: 20/20 MP: 1/1
    64 | D:1      | Reached XP level 2. HP: 27/27 MP: 2/2
    74 | D:1      | Found a shimmering altar of Xom.
   413 | D:1      | Reached XP level 3. HP: 24/33 MP: 3/3
  1270 | D:2      | Found a shadowy altar of Dithmenos.
  1334 | D:2      | Reached XP level 4. HP: 24/42 MP: 4/4
  1340 | D:2      | Killed from afar by an orc priest

Illustrated notes

Levels and vault maps discovered:
D:1:      minmay_arrival_floating_metal, layout_basic, xom_teletrap_fun
D:2:      layout_loops_ring, lemuel_blue_sif_altar, old_standard_altar

Skill      XL: |  1  2  3 |
---------------+----------+-----
Axes           | 3 |  3.4
Fighting       | 3 |  3.1
Armour         | |  3.8
Shields        | |  3.8

Action                   |  1- 3 |  4- 6 || total
-------------------------+-------+-------++-------
Melee: War axe           |   129 |     5 ||   134
Armor: Scale mail        |    65 |     2 ||    67
Dodge: Dodged            |    31 |     3 ||    34
Block: Kite shield       |    63 |     3 ||    66

Table legend: (Time is in decaauts)
 A = Elapsed time spent in this place.
 B = Non-inter-level travel time spent in this place.
 C = Inter-level travel time spent in this place.
 D = Time resting spent in this place.
 E = Time spent auto-exploring this place.
 F = Levels seen in this place.
 G = Mean time per level.
                   A        B        C        D        E       F      G
               +--------+--------+--------+--------+--------+-----+--------+
         Total |   1418 |   1370 |     48 |      0 |   1001 |   2 |  709.0 |
       Dungeon |   1418 |   1370 |     48 |      0 |   1001 |   2 |  709.0 |
               +--------+--------+--------+--------+--------+-----+--------+

Top non-repeatable levels by time:
     D:1: 944 daAuts
     D:2: 473 daAuts
